FIQ, neutral male scurrid Tourist -------- |.....T+ |.....r| |....... -------- FIQ the Rambler Experience level: 1 Strength: 14 Dexterity: 7 Constitution: 14 Intelligence: 14 Wisdom: 8 Charisma: 18 Health: 0(9) Energy: 2(2) Def: 0 Gold: 335 Moves: 86 Dungeon seed: gOaJoT6YT_EflkOn Game ID: FIQ_1498602425 Your Inventory: Coins $ - 335 gold pieces Weapons a - 42 uncursed +2 darts (in quiver) Armor e - an uncursed +0 Hawaiian shirt (being worn) Comestibles b - an uncursed tripe ration c - 2 uncursed fortune cookies d - 3 uncursed food rations f - an uncursed egg g - 2 uncursed pears h - an uncursed candy bar i - an uncursed orange Scrolls k - 2 blessed scrolls of magic mapping l - 2 uncursed scrolls of magic mapping Potions j - 2 uncursed potions of extra healing Wands o - an uncursed wand of secret door detection (0:13) Tools m - an uncursed expensive camera (0:77) n - an uncursed credit card p - an uncursed oil lamp (0:1496) Spells and supernatural/magical abilities: Name Level Category Fail Memory W - pray for help -- divine ? -- Your skills at the end: Miscellaneous Skills wands [Basic] Weapon Skills dart [Basic] Spellcasting Skills Final Attributes: You were devoutly aligned. You had infravision. You were very stealthy. You are dead. Voluntary challenges: You went without food. You did not adorn yourself with jewelry or accessories. You did not cause conflict. You were not invisible. You did not have reflection. You were not displaced. You were an atheist. You never hit with a wielded weapon. You were a pacifist. You did not use tools. You did not use plumbed fixtures. You did not drink any magical draughts. You were illiterate. You never genocided any monsters. You never polymorphed an object. You never changed form. You used no wishes. You never split a pudding. You never wrote Elbereth's name. You never violated your personal moral code. Dungeon overview: The Dungeons of Doom: levels 1 to 21 Level 1 a long staircase Level 2 a fountain Level 3 Level 4 Level 5 Level 6 Level 7 Level 8 Level 9 Level 10 Level 11 Level 12 Level 13 Level 14 Level 15 Level 16 Level 17 Level 18 an altar to Offler Level 19 Level 20 Level 21 <- You were here History has recorded: On T:1 you entered the Dungeons of Doom to retrieve the Amulet of Yendor! On T:4 you reached level 2 of The Dungeons of Doom. On T:7 you reached level 3 of The Dungeons of Doom. On T:9 you reached level 4 of The Dungeons of Doom. On T:11 you reached level 5 of The Dungeons of Doom. On T:13 you reached level 6 of The Dungeons of Doom. On T:16 you reached level 7 of The Dungeons of Doom. On T:18 you reached level 8 of The Dungeons of Doom. On T:20 you reached level 9 of The Dungeons of Doom. On T:25 you reached level 10 of The Dungeons of Doom. On T:27 you reached level 11 of The Dungeons of Doom. On T:29 you reached level 12 of The Dungeons of Doom. On T:31 you reached level 13 of The Dungeons of Doom. On T:69 you reached level 14 of The Dungeons of Doom. On T:71 you reached level 15 of The Dungeons of Doom. On T:71 you entered the Rogue tribute level. On T:73 you reached level 16 of The Dungeons of Doom. On T:76 you reached level 17 of The Dungeons of Doom. On T:78 you reached level 18 of The Dungeons of Doom. On T:80 you reached level 19 of The Dungeons of Doom. On T:82 you reached level 20 of The Dungeons of Doom. On T:85 you reached level 21 of The Dungeons of Doom. Score breakdown: Gold: 0 ( 0 points) Experience: 1 level ( 0 points) Exploration: 21 levels ( 600 points) Discoveries: 1 item ( 50 points) Variety of kills: 0 monsters ( 0 points) Major goal: (nothing yet) ( 0 points) Survival: died (score multiplied by 3) Total score: 1950 Latest messages: You dig a hole through the floor. You fall through... You hear dice being thrown. You start digging downward. You continue digging downward. You dig a pit in the floor. You continue digging downward. You dig a hole through the floor. You fall through... You hear a sound reminiscent of an elephant stepping on a peanut. You start digging downward. You continue digging downward. You dig a pit in the floor. You continue digging downward. You dig a hole through the floor. You fall through... The troll zaps a uranium wand! The bolt of fire hits you! The bolt of fire bounces! The bolt of fire hits you! The bolt of fire hits the troll! You start digging downward. You continue digging downward. You dig a pit in the floor. The troll zaps a wand of fire! The bolt of fire hits you! You die... Final status: Aloha FIQ the Tourist, killed by a bolt of fire... You died in The Dungeons of Doom on dungeon level 21 with 1950 points, and 335 pieces of gold, after 86 moves. You were level 1 with a maximum of 9 hit points when you died.